 Dungeon Crawl Stone Soup version 0.19-a0-1697-g0595f0e (webtiles) character file.

389 dvd the Stinger (level 6, -2/37 HPs)
             Began as an Octopode Venom Mage on Sept 26, 2016.
             Shot with an arrow by a centaur (7 damage)
             ... on level 4 of the Dungeon.
             The game lasted 00:11:48 (3814 turns).

dvd the Stinger (Octopode Venom Mage)               Turns: 3814, Time: 00:11:48

Health: -2/37      AC:  2    Str:  8    XL:     6   Next: 79%
Magic:  3/12       EV: 13    Int: 16    God:
Gold:   124        SH:  0    Dex: 12    Spells: 2 memorised, 8 levels left

rFire  . . .     SeeInvis .     n - -3 dagger (curse)
rCold  . . .     Gourm    .     (no shield)
rNeg   . . .     Faith    .     (helmet restricted)
rPois  .         Spirit   .     (no amulet)
rElec  .         Dismiss  .     w - -3 ring of intelligence (curse)
rCorr  .         Reflect  .     (no ring)
MR     .....     Harm     .     (no ring)
Stlth  ++++......               (no ring)
                                (no ring)
                                (no ring)
                                (no ring)
                                (no ring)

@: very slightly contaminated
A: almost no armour, stealthy swim, amphibious, 8 rings, constrict 8, camouflage
1, gelatinous body 1
a: no special abilities


You were on level 4 of the Dungeon.
You were not hungry.

You visited 1 branch of the dungeon, and saw 4 of its levels.

You collected 124 gold pieces.

Inventory:

Hand Weapons
 c - a +0 rapier
 e - a +0 dagger
 i - a +0 mace
 m - a +1 short sword of holy wrath
 n - a cursed -3 dagger (weapon)
 r - a +0 hand axe
Jewellery
 w - a cursed -3 ring of intelligence (left tentacle)
Scrolls
 j - 2 scrolls of fog
 o - 2 scrolls of amnesia
 q - a scroll of identify
Potions
 d - a potion of cancellation {unknown}
 f - a potion of haste {unknown}
 g - 2 potions of curing
 h - 2 potions of flight
 l - a potion of brilliance {unknown}
 s - a potion of agility {unknown}
 t - a potion of degeneration {unknown}
 u - a potion of might {unknown}
Books
 a - a Young Poisoner's Handbook

   Spells                             Type                      Level
   a - Sting                          Conjuration/Poison           1
   b - Mephitic Cloud                 Conjuration/Poison/Air       3
   c - Olgreb's Toxic Radiance        Poison                       4
   d - Alistair's Intoxication        Transmutation/Poison         5
   e - Venom Bolt                     Conjuration/Poison           5
Comestibles
 b - 3 bread rations
 k - a slice of pizza
 p - 7 fruits
 v - 3 meat rations
 x - a royal jelly


   Skills:
 + Level 0.4 Fighting
 + Level 0.4 Short Blades
 + Level 2.4 Dodging
 + Level 3.6 Stealth
 + Level 4.1 Spellcasting
 + Level 2.3 Conjurations
 + Level 6.7 Poison Magic


You had 8 spell levels left.
You knew the following spells:

 Your Spells              Type           Power        Failure   Level  Hunger
a - Sting                 Conj/Pois      ###.         2%          1    None
b - Olgreb's Toxic Radia  Pois           ###.....     12%         4    ####...


Dungeon Overview and Level Annotations

Branches:
Dungeon (4/15)
 Temple: D:4-7

Altars:

Annotations:
D:3 p0werm0de's ghost, amateur DsCK
D:4 Xiguana's ghost, amateur DsCK


Innate Abilities, Weirdness & Mutations

You cannot wear most types of armour.
You are very stealthy in the water.
You are amphibious.
You can wear up to eight rings at the same time.
You can use your tentacles to constrict eight enemies at once.
Your skin changes colour to match your surroundings (Stealth+).
Your rubbery body absorbs attacks. (AC +1, EV +1)


Message History

The worker ant is lightly wounded.
You feel sick. The worker ant bites you!
You are more poisoned.
The worker ant poisons you! The centaur hits you.
* * * LOW HITPOINT WARNING * * *
Unknown command.
The worker ant completely misses you.
Xiguana's ghost ripples.
The centaur closely misses you. The worker ant bites you.
* * * LOW HITPOINT WARNING * * *
You are more poisoned.
The worker ant poisons you!
You see here an arrow.
It was a potion of curing.
You feel better. The centaur hits you!
* * * LOW HITPOINT WARNING * * *
The worker ant misses you.
Unknown command.
The centaur wields an uncursed shortbow.
The centaur shoots an arrow.
The arrow hits you!
You die...

### ### #.# #.### #.######...#
#.....##.#.# #.###.##.#.#
#######.#....#.#@#########
#.....#.#.#..#.#.(c......#****
#.###.#.#.#....###a>......,,,*
#.# #.(...#.#### #........,,,*
#.#########.# #..W.....,,,*
#.........#.# #........,,,*
#..######.#.# #........,,,***
#....# #.#.# #######'#,,,,,*
#..#.# #.#.# *.#,***,*


You could see a centaur, a worker ant and Xiguana's ghost.

Vanquished Creatures
  Eustachio (D:4)
  2 hounds (D:4)
  2 worker ants (D:4)
  6 adders
  4 worms
  A dart slug (D:1)
  A leopard gecko (D:4)
  2 orcs
  4 bats
  3 giant cockroaches
  4 goblins
  10 hobgoblins
  8 jackals
  5 quokkas
  2 ball pythons
  3 frilled lizards
  10 kobolds
  6 rats
74 creatures vanquished.

Notes
Turn   | Place    | Note
-------+----------+-------------------------------------------
     0 | D:1      | dvd the Octopode Venom Mage began the quest for the Orb.
     0 | D:1      | Reached XP level 1. HP: 11/11 MP: 3/3
     3 | D:1      | Noticed an electric eel
     3 | D:1      | Noticed an electric eel
    56 | D:1      | Reached skill level 5 in Poison Magic
   218 | D:1      | Reached XP level 2. HP: 17/17 MP: 3/5
   806 | D:2      | Reached XP level 3. HP: 16/21 MP: 0/6
  1290 | D:2      | Reached skill level 6 in Poison Magic
  1290 | D:2      | Reached XP level 4. HP: 27/27 MP: 3/7
  1298 | D:2      | Learned a level 4 spell: Olgreb's Toxic Radiance
  1649 | D:2      | Reached skill level 1 in Conjurations
  2340 | D:3      | Noticed p0werm0de's ghost (amateur DsCK)
  2394 | D:4      | Reached XP level 5. HP: 30/31 MP: 3/9
  3255 | D:4      | Noticed Eustachio
  3269 | D:4      | Killed Eustachio
  3269 | D:4      | Reached XP level 6. HP: 14/37 MP: 4/11
  3809 | D:4      | Noticed Xiguana's ghost (amateur DsCK)
  3814 | D:4      | Shot with an arrow by a centaur

Vault maps used:
D:1:      arrival_aquarium_b, glass_columns_a, serial_bayou_pond_e, nrook_uturn
D:2:      minmay_misc_feat_alley
D:3:      marbit_many_paths
D:4:      uniq_eustachio

Skill      XL: |  1  2  3  4  5  6 |
---------------+-------------------+-----
Poison Magic   | 5 6 |  6.7
Stealth        | 3 |  3.6
Conjurations   | 1 2 |  2.3
Spellcasting   | 3 4 |  4.1
Fighting       | |  0.4
Short Blades   | |  0.4
Dodging        | |  2.4

Action                   |  1- 3 |  4- 6 || total
-------------------------+-------+-------++-------
Melee: Dagger            |    16 |    59 ||    75
       Constrict         |     4 |    20 ||    24
       Tentacles         |     3 |    10 ||    13
 Cast: Sting             |    60 |    83 ||   143
       Olgreb's Toxic Ra |       |     3 ||     3
  Use: Scroll            |     4 |     4 ||     8
       Potion            |       |     1 ||     1
 Stab: Sleeping          |       |     4 ||     4
  Eat: Chunk             |     2 |     9 ||    11
Armor: Skin              |     2 |    20 ||    22
Dodge: Dodged            |    14 |    73 ||    87
